 Dungeon Crawl Stone Soup version 0.18.1-6-gd335043 (webtiles) character file.

6159 Leszczynek the Grappler (level 10, -7/100 HPs)
             Began as a Troll Chaos Knight on May 18, 2016.
             Mangled by a wolf (9 damage)
             ... on level 2 of the Lair of Beasts.
             The game lasted 00:26:16 (7598 turns).

Leszczynek the Grappler (Troll Chaos Knight)        Turns: 7598, Time: 00:26:17

Health: -7/100     AC:  9    Str: 22    XL:     10   Next: 60%
Magic:  9/9        EV: 18    Int:  8    God:    Xom [..*...]
Gold:   679        SH:  0    Dex: 17    Spells: 0 memorised, 9 levels left

rFire  . . .     SeeInvis .       - Unarmed
rCold  . . .     Gourm    +     a - +2 robe
rNeg   . . .     Faith    .     (no shield)
rPois  +         Spirit   .     r - +2 hat
rElec  .         Dismiss  .     (no cloak)
rCorr  .         Reflect  .     (gloves unavailable)
SustAt +         Harm     .     (boots unavailable)
MR     .....                    Q - amulet of rage
Stlth  +++.......               o - ring of poison resistance
                                p - ring of sustain attributes (curse)

@: agile, about to teleport, very slightly contaminated, not resistant to
hostile enchantments, fairly stealthy
A: unfitting armour, claws 3, blink, deterioration 1, fast metabolism 3,
gourmand, sense surroundings 1, regeneration 2, shaggy fur 1, tough skin 2, wild
magic 2
a: Blink, Renounce Religion, Evoke Berserk Rage


You were on level 2 of the Lair of Beasts.
You worshipped Xom.
You were a toy of Xom.
You were full.

You visited 2 branches of the dungeon, and saw 13 of its levels.

You collected 679 gold pieces.

Inventory:

Missiles
 h - 18 poisoned needles
 t - 15 tomahawks (quivered)
Armour
 a - a +2 robe (worn)
 r - a +2 hat (worn)
Jewellery
 e - an uncursed ring of ice
 o - a ring of poison resistance (right claw)
 p - a cursed ring of sustain attributes (left claw)
 u - an uncursed ring of flight
 Q - an amulet of rage (around neck)
Wands
 l - a wand of confusion (32/48)
 z - a wand of acid (7/15)
 C - a wand of digging (13/24)
 D - a wand of acid (7/15)
 E - a wand of enslavement (4/24)
 G - a wand of enslavement (8/24)
 L - a wand of teleportation (1/9)
 P - a wand of confusion (10/48)
Scrolls
 c - a scroll of enchant armour
 g - 3 scrolls of recharging
 q - 2 scrolls of fog
 s - 6 scrolls of remove curse
 x - a scroll of immolation {unknown}
 y - 5 scrolls of teleportation
 J - a scroll of amnesia {unknown}
 M - a scroll of enchant weapon {unknown}
 N - a scroll of holy word {unknown}
 O - a scroll of fear {unknown}
Potions
 d - 2 potions of agility
 j - 4 potions of curing
 k - a potion of beneficial mutation {unknown}
 n - a potion of haste
 v - 2 potions of flight
 F - a potion of might {unknown}
 H - a potion of mutation {unknown}
 K - 2 potions of ambrosia {unknown}
Miscellaneous
 m - a disc of storms
Comestibles
 b - 7 bread rations
 f - 7 meat rations
 i - a royal jelly
 w - 3 beef jerkies


   Skills:
 + Level 6.6 Fighting
 - Level 8.4 Throwing
 + Level 4.9 Dodging
 - Level 10.0 Unarmed Combat


You had 9 spell levels left.
You didn't know any spells.

Dungeon Overview and Level Annotations

Branches:
Dungeon (10/15)            Temple (0/1) D:4            Lair (3/8) D:10
    Orc (0/2) D:9
  Swamp: Lair:3-6    Shoals: Lair:3-6     Snake: Lair:3-6    Spider: Lair:3-6

Altars:
Ashenzari
Dithmenos
Elyvilon
Gozag
Nemelex Xobeh
Okawaru
Ru
Sif Muna
Trog
Vehumet
Xom
The Shining One

Shops:
D:10 :%


Innate Abilities, Weirdness & Mutations

You are too large for most types of armour.
You have claws for hands.
Your metabolism is lightning-fast.
You like to eat raw meat.
You heal very quickly.
You are covered in fur (AC +1).
You have very tough skin (AC +2).
You can translocate small distances at will.
Your body sometimes deteriorates upon taking damage.
You passively map a small area around you.
Your spells are harder to cast, but more powerful.


Message History

Unknown command.
You closely miss the wolf. The wolf barely misses you. x2
The wolf completely misses you. The wolf barely misses you.
A water moccasin and a wolf come into view.
Unknown command.
Eat which item? (? for menu, Esc to quit)
Okay, then.
Read which item? (? for menu, Esc to quit)
As you read the scroll of teleportation, it crumbles to dust.
You feel strangely unstable.
The water moccasin hisses angrily.
The wolf bites you!
* * * LOW HITPOINT WARNING * * *
Xom is amused.
The wolf howls!
The giant frog completely misses you.
Unknown command.
You miss the wolf. The wolf bites you!
You die...
Xom chortles!

, ..# ..... ## ,
.,..#
#.#.#,#.##. ,
.##.........#..,
, , *
..#S#.#.#.#.. ,
..,#..h......#*
, ,
#...#.#.#.#.##
#P..?...l§..# ,
, * ,
##.#.#>#h#.##, ∆
∆ , ,###@h.# ∆,
** ##F§..... *
§§.#.P%∆ , , *
∆....P.P ∆
,.##....
∆,,#.,.#.. , .
#.. , . , * *


You could see a basilisk, a water moccasin, 3 wolves and a giant frog.

Vanquished Creatures
  Pikel (D:6)
  Joseph (D:8)
  2 spiny frogs (Lair:2)
  2 komodo dragons (Lair:1)
  Grinder (D:5)
  A wyvern (D:8)
  5 yaks
  5 hippogriffs
  2 water moccasins
  A slave (D:6)
  An orc warrior (D:10)
  A phantom (D:7)
  An ice beast (D:8)
  4 crocodiles
  An ogre (D:7)
  A big kobold (D:10)
  6 giant frogs
  A scorpion (D:4)
  A water moccasin skeleton (D:5)
  5 wights (D:8)
  4 howler monkeys
  A giant frog zombie (D:8)
  2 quasits
  An orc priest (D:9)
  2 hounds
  An orc wizard (D:6)
  A centaur skeleton (D:4)
  4 worker ants
  A hound zombie (D:7)
  A hound skeleton (D:8)
  A worker ant zombie (D:6)
  3 gnolls (D:9)
  9 adders
  17 river rats
  A shadow imp (D:9)
  An ooze (D:3)
  An adder zombie (D:5)
  3 worms
  8 giant geckos
  7 orcs
  4 giant cockroaches
  5 goblins
  5 hobgoblins (D:2)
  13 kobolds
  3 quokkas (D:2)
  A ball python (D:4)
  12 bats
  5 giant newts
  A jackal skeleton (D:8)
  A quokka zombie (D:8)
  13 rats
175 creatures vanquished.

Vanquished Creatures (collateral kills)
  A yak (D:10)
  A bat (D:10)
  A rat (D:10)
  2 fungi (D:10)
5 creatures vanquished.

Vanquished Creatures (others)
  A hungry ghost (D:6)
  A slave (D:6)
  3 butterflies (D:4)
  3 fungi
  2 plants (D:10)
10 creatures vanquished.

Grand Total: 190 creatures vanquished

Notes
Turn   | Place    | Note
--------------------------------------------------------------
     0 | D:1      | Leszczynek the Troll Chaos Knight began the quest for the Orb.
     0 | D:1      | Reached XP level 1. HP: 22/22 MP: 0/0
   266 | D:1      | XOM: silly message
   302 | D:1      | XOM: silly message
   371 | D:1      | XOM: divination: magic mapping
   391 | D:1      | Reached XP level 2. HP: 29/29 MP: 1/1
   570 | D:2      | XOM: enchant monster (bad)
   571 | D:2      | XOM: harmless Chrm miscast
   574 | D:2      | Reached skill level 4 in Unarmed Combat
   632 | D:2      | Found an opulent altar of Gozag.
   647 | D:2      | Reached XP level 3. HP: 31/36 MP: 2/2
   799 | D:2      | XOM: 1-stop teleportation journey
   815 | D:2      | XOM: harmless Fire miscast
   836 | D:2      | XOM: noise
   998 | D:2      | XOM: medium Chrm miscast
  1193 | D:3      | Reached XP level 4. HP: 44/44 MP: 3/3
  1201 | D:3      | Reached skill level 5 in Unarmed Combat
  1242 | D:3      | XOM: harmless Trmt miscast
  1297 | D:3      | XOM: mild Tloc miscast
  1505 | D:3      | Found an iron altar of Okawaru.
  1515 | D:3      | Reached XP level 5. HP: 50/50 MP: 4/4
  1609 | D:3      | Found an opulent altar of Gozag.
  1663 | D:3      | Reached skill level 1 in Throwing
  1882 | D:4      | Found a radiant altar of Vehumet.
  1957 | D:4      | XOM is BORED!
  1957 | D:4      | XOM: silly message
  2158 | D:4      | Found a staircase to the Ecumenical Temple.
  2165 | D:4      | Reached skill level 6 in Unarmed Combat
  2345 | D:5      | Entered Level 5 of the Dungeon
  2363 | D:5      | Reached XP level 6. HP: 56/59 MP: 5/5
  2373 | D:5      | Noticed Grinder
  2379 | D:5      | Killed Grinder
  2379 | D:5      | Reached skill level 2 in Throwing
  2379 | D:5      | Reached skill level 7 in Unarmed Combat
  2687 | D:5      | XOM: divination: detect creatures
  2711 | D:6      | Noticed a slave
  2713 | D:6      | Noticed a slave
  2726 | D:6      | XOM: confuse monster(s)
  2740 | D:6      | Killed a slave
  2747 | D:6      | Noticed Pikel
  2753 | D:6      | Noticed a slave
  2757 | D:6      | Noticed a slave
  2769 | D:6      | XOM: confuse monster(s)
  2774 | D:6      | XOM: divination: detect creatures
  2778 | D:6      | Reached XP level 7. HP: 66/66 MP: 6/6
  2782 | D:6      | Noticed a hungry ghost
  2791 | D:6      | XOM: enchant monster (good)
  2792 | D:6      | XOM: smoke on damage
  2797 | D:6      | Killed Pikel
  2797 | D:6      | Reached skill level 3 in Throwing
  2797 | D:6      | Reached skill level 8 in Unarmed Combat
  2803 | D:6      | Killed a hungry ghost
  2803 | D:6      | Reached skill level 4 in Throwing
  2803 | D:6      | Reached XP level 8. HP: 51/74 MP: 7/7
  3129 | D:6      | XOM is BORED!
  3129 | D:6      | XOM: mild Fire miscast
  3155 | D:6      | Found a shattered altar of Ashenzari.
  3422 | D:7      | Found a sparkling altar of Nemelex Xobeh.
  3515 | D:7      | Found a bloodstained altar of Trog.
  3539 | D:7      | Reached skill level 9 in Unarmed Combat
  4027 | D:7      | XOM: polymorph orc -> rat
  4225 | D:8      | Found a shadowy altar of Dithmenos.
  4230 | D:8      | XOM: confuse monster(s)
  4264 | D:8      | XOM: blink monster(s)
  4269 | D:8      | Reached skill level 5 in Throwing
  4269 | D:8      | Reached skill level 10 in Unarmed Combat
  4468 | D:8      | XOM: harmless Necr miscast
  4605 | D:8      | Found a white marble altar of Elyvilon.
  4667 | D:8      | Reached skill level 3 in Fighting
  4667 | D:8      | Reached XP level 9. HP: 73/81 MP: 8/8
  4747 | D:8      | XOM: cast spell 'Ice Form'
  4748 | D:8      | Reached skill level 6 in Throwing
  4789 | D:8      | Noticed Joseph
  4800 | D:8      | Killed Joseph
  4991 | D:9      | Reached skill level 7 in Throwing
  5160 | D:9      | XOM: medium Divn miscast
  5162 | D:9      | Found a deep blue altar of Sif Muna.
  5188 | D:9      | XOM: fog
  5265 | D:9      | Found a staircase to the Orcish Mines.
  5338 | D:9      | XOM: give mutation
  5338 | D:9      | Gained mutation: Your body sometimes deteriorates upon taking damage. [Xom's mischief]
  5344 | D:9      | XOM: colour smoke trail
  5385 | D:9      | Found a glowing golden altar of the Shining One.
  5642 | D:9      | Found a sacrificial altar of Ru.
  5646 | D:9      | Found a deep blue altar of Sif Muna.
  5647 | D:9      | Found a shattered altar of Ashenzari.
  5651 | D:9      | Found a shimmering altar of Xom.
  5812 | D:10     | Entered Level 10 of the Dungeon
  5818 | D:10     | Reached skill level 4 in Fighting
  6052 | D:10     | XOM: summons friendly ufetubus
  6056 | D:10     | XOM: fake destruction
  6063 | D:10     | Reached skill level 8 in Throwing
  6073 | D:10     | XOM: summons 6 friendly demons
  6225 | D:10     | Found Bionkasch's Book Boutique.
  6281 | D:10     | Reached skill level 2 in Dodging
  6299 | D:10     | XOM: harmless Erth miscast
  6301 | D:10     | XOM: silly message
  6337 | D:10     | Found Fafuraumn's Food Shop.
  6357 | D:10     | XOM: mild Chrm miscast
  6414 | D:10     | XOM: god gift: scroll of random uselessness
  6608 | D:10     | XOM: medium Hex miscast
  6625 | D:10     | Found a staircase to the Lair.
  6637 | Lair:1   | Entered Level 1 of the Lair of Beasts
  6637 | Lair:1   | Noticed a komodo dragon
  6647 | Lair:1   | Killed a komodo dragon
  6647 | Lair:1   | Reached skill level 5 in Fighting
  6647 | Lair:1   | Reached XP level 10. HP: 96/96 MP: 9/9
  6654 | Lair:1   | XOM: summons 2 hostile demons
  6686 | Lair:1   | XOM: potion effect (might)
  6687 | Lair:1   | Reached skill level 3 in Dodging
  6773 | Lair:1   | XOM: blink monster(s)
  6937 | Lair:1   | XOM: give mutations
  6937 | Lair:1   | Gained mutation: You can translocate small distances at will. [Xom's grace]
  6937 | Lair:1   | Gained mutation: Your spells are a little harder to cast, but a little more powerful. [Xom's grace]
  6937 | Lair:1   | Gained mutation: You passively map a small area around you. [Xom's grace]
  6937 | Lair:1   | Gained mutation: Your spells are harder to cast, but more powerful. [Xom's grace]
  6963 | Lair:1   | XOM: divination: detect items
  7009 | Lair:1   | XOM: fog
  7020 | Lair:1   | XOM: cast spell 'Metabolic Englaciation'
  7065 | Lair:1   | XOM: 1-stop teleportation journey
  7066 | Lair:1   | XOM: medium Hex miscast
  7079 | Lair:1   | Reached skill level 4 in Dodging
  7083 | Lair:1   | Reached skill level 6 in Fighting
  7144 | Lair:1   | XOM: stat loss: -1 Dex (12/12)
  7530 | Lair:2   | Noticed a spiny frog
  7530 | Lair:2   | Noticed a spiny frog
  7533 | Lair:2   | XOM: swap monsters
  7539 | Lair:2   | XOM: summons 3 friendly demons
  7543 | Lair:2   | Killed a spiny frog
  7547 | Lair:2   | Killed a spiny frog
  7551 | Lair:2   | XOM is BORED!
  7551 | Lair:2   | XOM: noise
  7555 | Lair:2   | HP: 10/100 [blink frog (2)]
  7557 | Lair:2   | XOM: cast spell 'Summon Ice Beast'
  7558 | Lair:2   | Noticed a spiny frog
  7565 | Lair:2   | HP: 10/100 [poisoned by a spiny frog]
  7566 | Lair:2   | XOM: divination: detect items
  7583 | Lair:3   | XOM: noise
  7595 | Lair:2   | XOM: smoke on damage
  7597 | Lair:2   | HP: 2/100 [wolf (12)]
  7598 | Lair:2   | Mangled by a wolf

Skill      XL: |  1  2  3  4  5  6  7  8  9 10 |
---------------+-------------------------------+-----
Unarmed Combat | 4 5 6 7 8 10 | 10.0
Throwing       | 1 2 4 5 8 |  8.4
Fighting       | 3 5 6 |  6.6
Dodging        | 2 4 |  4.9

Action                   |  1- 3 |  4- 6 |  7- 9 | 10-12 || total
-------------------------+-------+-------+-------+-------++-------
Melee: Unarmed           |   106 |    81 |   286 |   109 ||   582
       Punch             |     1 |     3 |    13 |    10 ||    27
 Abil: Evoke Berserk Rag |       |       |     1 |     2 ||     3
  Use: Scroll            |     4 |     7 |     3 |     4 ||    18
       Potion            |       |       |       |     5 ||     5
 Stab: Sleeping          |     2 |     1 |       |       ||     3
       Confused          |       |       |     1 |       ||     1
       Distracted        |       |       |       |     1 ||     1
  Eat: Chunk             |    15 |    14 |    43 |     8 ||    80
Armor: Robe              |    47 |    36 |    96 |    37 ||   216
       Skin              |       |       |     3 |       ||     3
Dodge: Dodged            |    43 |    49 |   156 |    61 ||   309
